 Dungeon Crawl Stone Soup version 0.23.2-1-ga50397a (webtiles) character file.

Game seed: 15227564310579910800

22624 Fang the Fighter (level 13, -12/86 HPs)
             Began as a Gargoyle Berserker on May 30, 2019.
             Was a High Priest of Trog.
             Mangled by a tyrant leech (25 damage)
             ... on level 3 of the Lair of Beasts.
             The game lasted 00:22:59 (15456 turns).

Fang the Fighter (Gargoyle Berserker)              Turns: 15456, Time: 00:23:00

Health: -12/86     AC: 18    Str: 25    XL:     13   Next: 1%
Magic:  13/13      EV: 16    Int:  9    God:    Trog [*****.]
Gold:   820        SH:  0    Dex:  9    Spells: 12/12 levels left

rFire    + + +     SeeInvis +   a - +2 war axe (venom)
rCold    . . .     Gourm    .   (no shield)
rNeg     + + .     Faith    .   z - +1 leather armour of Yjijasha {rElec rF+++ rN+ Stlth-}
rPois    ∞         Spirit   .   h - +0 hat {SInv}
rElec    +         Reflect  .   (no cloak)
rCorr    .         Harm     .   (no gloves)
MR       .....                  H - +2 pair of boots
Stlth    ..........             (no amulet)
HPRegen  0.24/turn              l - ring of flight
MPRegen  0.13/turn              r - ring of see invisible

@: berserk cooldown, slowed, very slow
A: negative energy resistance 1, electricity resistance, unbreathing,
petrification resistance, rot immunity, AC +9
a: Berserk, Trog's Hand, Brothers in Arms, Renounce Religion, Evoke Flight


You were on level 3 of the Lair of Beasts.
You worshipped Trog.
Trog was extremely pleased with you.
You were very hungry.

You visited 3 branches of the dungeon, and saw 15 of its levels.

You collected 820 gold pieces.

Inventory:

Hand Weapons
 a - a +2 war axe of venom (weapon)
 p - a +2 antimagic war axe
Armour
 b - a +2 plate armour
 h - a +0 hat of see invisible (worn)
 z - the +1 leather armour of Yjijasha (worn) {rElec rF+++ rN+ Stlth-}
   (You found it on level 4 of the Dungeon)

   It renders you almost immune to fire.
   It insulates you from electricity.
   It protects you from negative energy.
   It makes you less stealthy.
 H - a +2 pair of boots (worn)
Jewellery
 l - a ring of flight (left hand)
 r - a ring of see invisible (right hand)
Wands
 i - a wand of iceblast (9)
 j - a wand of flame (25)
 u - a wand of paralysis (14)
 x - a wand of random effects (28)
 D - a wand of digging (7)
 E - a wand of disintegration (12)
 G - a wand of polymorph (7)
Scrolls
 k - 2 scrolls of blinking
 m - 4 scrolls of teleportation
 o - 7 scrolls of remove curse
 q - a scroll of fog
 v - a scroll of fear
 y - a scroll of magic mapping
 B - 5 scrolls of identify
Potions
 d - 6 potions of curing
 e - 4 potions of might
 f - 2 potions of haste
 g - 2 potions of ambrosia
 n - 3 potions of agility
 s - a potion of heal wounds
 t - 4 potions of mutation
 w - a potion of invisibility
Comestibles
 c - 33 rations


   Skills:
 + Level 12.0 Fighting
 + Level 10.2 Axes
 + Level 11.8 Armour
 + Level 9.3 Dodging


You had 12 spell levels left.
You didn't know any spells.
Your spell library was empty.

Dungeon Overview and Level Annotations

Branches:
Dungeon (11/15)            Temple (1/1) D:5            Lair (2/6) D:10
    Orc (0/2) D:11
  Swamp: Lair:2-4    Shoals: Lair:2-4     Snake: Lair:2-4    Spider: Lair:2-4

Altars:
Dithmenos
Elyvilon
Gozag
Hepliaklqana
Okawaru
Ru
Trog
Wu Jian
Xom
Yredelemnul
The Shining One

Shops:
D:5 *   D:6 *=   D:7 }

Annotations:
D:8 2 transporters, HaroldFreecs's ghost, novice OpAs


Innate Abilities, Weirdness & Mutations

You are resistant to torment.
Your stone body is resilient. (AC +9)
You are immune to poison.
You resist negative energy. (rN+)
You are resistant to electric shocks. (rElec)
You can survive without breathing.
You are immune to petrification.
You are immune to rotting.


Message History

You slash the komodo dragon!
You kill the komodo dragon!
Trog accepts your kill.
You have reached level 13!
You slash the basilisk!
You kill the basilisk!
Trog accepts your kill.
You are too injured to fight recklessly!
You are too injured to fight recklessly!
You feel a strong urge to attack something.
You feel your anger nearly subside.
You are no longer berserk.
You are exhausted.
You feel yourself slow down.
You barely miss the tyrant leech. The tyrant leech bites you!!
* * * LOW HITPOINT WARNING * * *
You closely miss the tyrant leech. The tyrant leech closely misses you.
Your deep troll goes berserk!
You are feeling very hungry.
The tyrant leech bites you!!
You die...

............♣♣
....≈≈≈≈........♣♣
....≈≈≈≈.........♣
.....≈#≈≈........#
......≈≈≈≈........#
..................#.
............wwT.....
..........†.@.......
>.....%.............
.....P..............
....................
..........(.........
#...................
##..##....#.......§§.
#..##..##..#P##.§≈§≈
. .........≈###..≈#


You could see 2 tyrant leeches and a friendly deep troll (berserk).

Vanquished Creatures
  Gastronok (Lair:1)
  Erica (Lair:1)
  3 two-headed ogres (D:9)
  An unseen horror (D:10)
  Pikel (D:5)
  A cyclops (D:11)
  5 elephants (Lair:2)
  2 komodo dragons
  The ghost of flappity the Skirmisher, a novice OpFi of Okawaru (D:6)
  A rime drake (Lair:1)
  3 spiny frogs
  A queen bee (D:9)
  A troll (D:11)
  A meliai zombie (D:10)
  3 hippogriffs
  Sigmund (D:3)
  4 hogs (D:7)
  3 wyverns
  19 yaks
  A human (D:7)
  A basilisk (Lair:3)
  A hungry ghost (D:10)
  2 water moccasins (Lair:1)
  3 porcupines
  2 slaves (D:5)
  5 orc warriors
  4 sky beasts
  2 black bears
  6 ogres
  3 ice beasts
  10 centaurs
  A crocodile (Lair:1)
  2 wolves (Lair:1)
  Blork the orc (D:5)
  3 big kobolds
  15 bullfrogs
  A gnoll sergeant (D:11)
  A wyvern zombie (D:8)
  A wyvern skeleton (D:10)
  3 scorpions
  21 killer bees
  13 wights
  7 howler monkeys
  2 crimson imps
  7 hounds
  2 jellies
  11 orc wizards
  9 orc priests
  3 bullfrog skeletons
  2 centaur skeletons
  A gnoll shaman (D:4)
  Natasha (twice) (D:3)
  2 iguanas
  4 worker ants
  A hound zombie (D:7)
  A hound skeleton (D:7)
  A worker ant zombie (D:8)
  16 gnolls
  16 adders
  2 shadow imps
  An ooze (D:1)
  An adder zombie (D:6)
  An adder skeleton (D:8)
  4 worms
  2 dart slugs
  6 leopard geckos
  41 orcs
  5 bats (D:1)
  4 giant cockroaches
  9 goblins
  8 hobgoblins
  7 jackals
  14 kobolds
  2 quokkas (D:5)
  4 frilled lizards
  A jackal skeleton (D:4)
  4 leopard gecko skeletons
  A quokka skeleton (D:4)
  7 rats
  A fungus (D:10)
367 creatures vanquished.

Vanquished Creatures (others)
  A slave (D:5)
  3 orcs (D:5)
  A quokka (D:5)
5 creatures vanquished.

Grand Total: 372 creatures vanquished

Notes
Turn   | Place    | Note
-------+----------+-------------------------------------------
     0 | D:1      | Fang the Gargoyle Berserker began the quest for the Orb.
     0 | D:1      | Reached XP level 1. HP: 14/14 MP: 1/1
   158 | D:1      | Reached XP level 2. HP: 18/19 MP: 2/2
   277 | D:1      | Reached XP level 3. HP: 21/23 MP: 3/3
  1407 | D:2      | Reached XP level 4. HP: 10/29 MP: 4/4
  1465 | D:2      | Reached skill level 4 in Fighting
  1676 | D:2      | Reached ** piety under Trog
  2344 | D:3      | Noticed Sigmund
  2366 | D:3      | Killed Sigmund
  2366 | D:3      | Reached XP level 5. HP: 26/34 MP: 5/5
  2366 | D:3      | Reached XP level 6. HP: 30/39 MP: 6/6
  2645 | D:3      | Noticed Natasha
  2654 | D:3      | Killed Natasha
  2684 | D:3      | Noticed Natasha
  2696 | D:3      | Killed Natasha
  2951 | D:3      | Found a sacrificial altar of Ru.
  3206 | D:4      | Reached skill level 5 in Fighting
  3375 | D:4      | Reached XP level 7. HP: 28/44 MP: 7/7
  3588 | D:4      | You fall through a shaft!
  3588 | D:5      | Entered Level 5 of the Dungeon
  3588 | D:5      | Found a staircase to the Ecumenical Temple.
  3604 | D:5      | Reached *** piety under Trog
  3615 | D:5      | Reached skill level 5 in Armour
  3797 | Temple   | Entered the Ecumenical Temple
  3913 | D:5      | Reached XP level 8. HP: 27/51 MP: 8/8
  4164 | D:5      | Noticed Pikel
  4184 | D:5      | Killed Pikel
  4184 | D:5      | Reached skill level 6 in Fighting
  4184 | D:5      | Reached skill level 5 in Axes
  4435 | D:5      | Found Puem's General Store.
  4556 | D:5      | Noticed Blork the orc
  4571 | D:5      | Killed Blork the orc
  4772 | D:5      | Found a shimmering altar of Xom.
  5040 | D:4      | Found a bloodstained altar of Trog.
  5044 | D:4      | Got a fine leather armour
  5055 | D:4      | Identified the +1 leather armour of Yjijasha {rElec rF+++
                  | rN+ Stlth-} (You found it on level 4 of the Dungeon)
  5055 | D:4      | Found an ornate altar of the Wu Jian Council.
  5102 | D:4      | Found an iron altar of Okawaru.
  5405 | D:6      | Reached XP level 9. HP: 56/56 MP: 9/9
  5416 | D:6      | Found a large runed translucent door.
  5416 | D:6      | Found a large runed translucent door.
  5417 | D:6      | Noticed flappity's ghost (novice OpFi)
  5504 | D:6      | Killed flappity's ghost
  5504 | D:6      | Reached skill level 7 in Fighting
  5504 | D:6      | Reached skill level 5 in Dodging
  5526 | D:6      | Found Gozag's Platinum Reserve.
  5528 | D:6      | Found an opulent altar of Gozag.
  5532 | D:6      | Found a sacrificial altar of Ru.
  5665 | D:6      | Found a white marble altar of Elyvilon.
  5688 | D:6      | Reached **** piety under Trog
  5732 | D:6      | Found Lotaett's Jewellery Shoppe.
  5830 | D:6      | Identified the +7 hunting sling of Guilt {flame, MR+
                  | Stlth+}
  5833 | D:6      | Received a gift from Trog
  6424 | D:7      | Found Ycugeos's Gadget Boutique.
  6492 | D:7      | Reached skill level 8 in Fighting
  6767 | D:7      | Found a hazy altar of Hepliaklqana.
  6785 | D:7      | Reached XP level 10. HP: 39/64 MP: 10/10
  7566 | D:8      | Found a shadowy altar of Dithmenos.
  7623 | D:8      | Reached skill level 9 in Fighting
  8425 | D:8      | Found a transporter.
  8426 | D:8      | Found a transporter.
  8429 | D:8      | Found a basalt altar of Yredelemnul.
  8430 | D:8      | Noticed HaroldFreecs's ghost (novice OpAs)
  8454 | D:8      | Identified the +5 great mace of Ugesuing {venom, -Tele rN+
                  | Str+2 Stlth+}
  8454 | D:8      | Identified the +3 great mace of Somewhere Else {freeze, rF+
                  | rC+ Dex-4}
  8454 | D:8      | Noticed a two-headed ogre
  8464 | D:8      | Found a glowing golden altar of the Shining One.
  8801 | D:9      | Reached ***** piety under Trog
  8849 | D:9      | Noticed a two-headed ogre
  8864 | D:9      | Killed a two-headed ogre
  9111 | D:9      | Reached XP level 11. HP: 45/71 MP: 11/11
  9117 | D:9      | Noticed a two-headed ogre
  9126 | D:9      | Killed a two-headed ogre
  9705 | D:9      | Noticed a two-headed ogre
  9722 | D:9      | Killed a two-headed ogre
  9722 | D:9      | Reached skill level 10 in Fighting
 10605 | D:10     | Entered Level 10 of the Dungeon
 10793 | D:10     | Reached skill level 10 in Armour
 10946 | D:10     | Received a gift from Trog
 11283 | D:10     | Found a staircase to the Lair.
 11481 | D:10     | Noticed an unseen horror
 11490 | D:10     | Killed an unseen horror
 12113 | D:11     | Found a staircase to the Orcish Mines.
 12467 | D:11     | Reached XP level 12. HP: 48/79 MP: 4/12
 13252 | D:11     | Reached skill level 11 in Fighting
 13887 | Lair:1   | Entered Level 1 of the Lair of Beasts
 14037 | Lair:1   | Noticed Erica
 14046 | Lair:1   | Received a gift from Trog
 14055 | Lair:1   | Killed Erica
 14234 | Lair:1   | Noticed Gastronok
 14248 | Lair:1   | Killed Gastronok
 15058 | Lair:2   | Reached skill level 10 in Axes
 15366 | Lair:2   | Reached skill level 12 in Fighting
 15420 | Lair:2   | You fall through a shaft!
 15449 | Lair:3   | Reached XP level 13. HP: 53/86 MP: 13/13
 15456 | Lair:3   | Mangled by a tyrant leech

Skill      XL: |  1  2  3  4  5  6  7  8  9 10 11 12 |
---------------+-------------------------------------+-----
Axes           | 3 4 5 6 8 9 10 | 10.2
Dodging        | 2 3 4 6 7 8 9 |  9.3
Armour         | 3 4 5 6 7 9 10 11 | 11.8
Fighting       | 4 5 6 8 9 10 12 | 12.0

Action                   |  1- 3 |  4- 6 |  7- 9 | 10-12 | 13-15 || total
-------------------------+-------+-------+-------+-------+-------++-------
Melee: Hand axe          |    89 |   157 |   225 |       |       ||   471
       War axe           |       |       |   129 |   788 |     2 ||   919
Invok: Berserk           |     2 |     2 |    10 |    17 |       ||    31
       Trog's Hand       |       |       |     1 |       |       ||     1
       Brothers in Arms  |       |       |       |       |     1 ||     1
 Abil: Evoke Flight      |       |       |       |     1 |       ||     1
  Use: Scroll            |       |       |       |    27 |       ||    27
       Potion            |       |       |       |     1 |       ||     1
  Eat: Chunk             |     2 |     9 |    17 |    35 |       ||    63
       Ration            |       |       |     1 |     4 |       ||     5
Armor: Animal skin       |    48 |    61 |    66 |       |       ||   175
       Chain mail        |       |       |    18 |       |       ||    18
       Leather armour    |       |       |   126 |   442 |       ||   568
Dodge: Dodged            |    87 |    99 |   301 |   761 |     1 ||  1249
